 Dungeon Crawl Stone Soup version 0.27-a0-828-g8289197e94 (webtiles) character file.

Game seed: 8315487676867420577

7396 dickylongcocking the Thaumaturge (level 11, -9/84 HPs)
             Began as a Djinni Venom Mage on Mar 30, 2021.
             Was a Believer of Makhleb.
             Hit by a boomerang thrown by an orc warrior (15 damage)
             ... on level 8 of the Dungeon on Mar 31, 2021.
             The game lasted 00:13:15 (13652 turns).

dickylongcocking the Thaumaturge (DjVM)            Turns: 13652, Time: 00:13:16

Health: -9/84      AC:  9    Str:  7    XL:     11   Next: 14%
Gold:   315        EV: 15    Int: 21    God:    Makhleb [**....] SH:  0 Dex: 13

rFire    + + .     SeeInvis .   C - +0 scimitar
rCold    x . .     Faith    .   (no shield)
rNeg     . . .     Spirit   .   h - +0 leather armour
rPois    ∞         Reflect  .   l - +0 helmet
rElec    .         Harm     .   (no cloak)
rCorr    .         Rampage  .   g - +0 pair of gloves
Will     +....                  (boots unavailable)
Stlth    ++........             (no amulet)
HPRegen  0.24/turn              f - +4 ring of evasion
MPRegen  0.00/turn              y - +4 ring of protection

@: flying, studying Crossbows
A: fire resistance 2, cold vulnerability 1, float, innate caster, hp casting,
extra vitality 1
a: Renounce Religion, Minor Destruction


You were on level 8 of the Dungeon.
You worshipped Makhleb.
Makhleb was pleased with you.
You visited 2 branches of the dungeon, and saw 9 of its levels.
You also visited: Sewer.

You collected 364 gold pieces.
You spent 49 gold pieces at shops.

Inventory:

Hand Weapons
 t - a +0 long sword
 x - a +2 vampiric dagger
 C - a +0 scimitar (weapon)
Armour
 a - a +0 robe
 g - a +0 pair of gloves (worn)
 h - a +0 leather armour (worn)
 l - a +0 helmet (worn)
Jewellery
 f - a +4 ring of evasion (left hand)
 y - a +4 ring of protection (right hand)
 z - a ring of willpower
Wands
 u - a wand of paralysis (12)
 B - a wand of acid (6)
Scrolls
 b - 3 scrolls of fear {unknown}
 i - 2 scrolls of fog {unknown}
 j - a scroll of teleportation
 n - a scroll of noise {unknown}
 o - a scroll of silence {unknown}
 p - 2 scrolls of blinking {unknown}
 q - a scroll of magic mapping {unknown}
 r - 8 scrolls of identify
 v - a scroll of amnesia {unknown}
 w - 2 scrolls of acquirement {unknown}
 A - 2 scrolls of brand weapon {unknown}
Potions
 c - 2 potions of flight
 d - 2 potions of heal wounds {unknown}
 e - 6 potions of curing {unknown}
 k - a potion of attraction {unknown}
 m - a potion of brilliance
 s - 2 potions of magic {unknown}


   Skills:
 + Level 9.0 Fighting
 * Level 6.2 Long Blades
 - Level 2.1 Dodging
 - Level 1.5 Stealth
 * Level 10.8 Spellcasting


You had 5 spell levels left.
You knew the following spells:

 Your Spells              Type           Power      Damage    Failure   Level
a - Sting                 Tmut/Pois      100%       1d8       1%          1
b - Swiftness             Air            54%        N/A       1%          2
c - Ensorcelled Hibernat  Hex/Ice        100%       N/A       1%          2
d - Olgreb's Toxic Radia  Pois           54%        N/A       1%          4
e - Leda's Liquefaction   Hex/Erth       27%        N/A       1%          4
f - Iskenderun's Mystic   Conj/Tloc      54%        2d12      1%          4
i - Ignite Poison         Fire/Tmut/Pois 54%        N/A       1%          3
p - Poisonous Vapours     Pois/Air       100%       N/A       1%          2
x - Mephitic Cloud        Conj/Pois/Air  54%        N/A       1%          3
A - Animate Skeleton      Necr           100%       N/A       1%          1
Your spell library was empty.

Dungeon Overview and Level Annotations

Branches:
Dungeon (8/15)             Temple (1/1) D:5           Sewer (visited)
   Lair: D:8-11

Altars:
Ashenzari
Cheibriados
Dithmenos
Elyvilon
Fedhas
Gozag
Hepliaklqana
Kikubaaqudgha
Makhleb
Nemelex Xobeh
Qazlal
Ru
Sif Muna
Trog
Wu Jian
Yredelemnul
Zin

Shops:
D:4 ?(


Innate Abilities, Weirdness & Mutations

You are immune to poison.
Your flesh is very heat resistant. (rF++)
You are vulnerable to cold. (rC-)
You float through the air rather than walking.
You learn spells naturally, not from books.
Your magical power is your life essence.
You have superior vitality. (+4 HP)


Message History

The wyvern zombie bites you.
The wyvern zombie is engulfed in blazing flames.
The wyvern zombie bites you!
* * * LOW HITPOINT WARNING * * *
You hit the wyvern zombie.
The wyvern zombie is heavily damaged.
The wyvern zombie is engulfed in blazing flames.
The wyvern zombie barely misses you.
You riposte.
You slash the wyvern zombie!
The wyvern zombie is almost destroyed.
The orc warrior throws a boomerang.
The boomerang hits you!
* * * LOW HITPOINT WARNING * * *
Unknown command.
Okay, then.
You hit the wyvern zombie but do no damage.
The wyvern zombie is almost destroyed.
The wyvern zombie is engulfed in blazing flames.
You destroy the wyvern zombie!
Makhleb accepts your kill.
Unknown command.
Unknown command.
Casting: Ignite Poison (safe; 1% risk of failure)
Confirm with . or Enter, or press ? or * to list all spells.
You don't have enough health to cast this spell.
Unknown command.
Okay, then.
It was a potion of flight.
You feel more buoyant.
An orc comes into view. It is wielding a +0 short sword.
Okay, then.
You see here a +0 club.
Okay, then.
Okay, then.
The orc warrior throws a boomerang.
The boomerang misses you.
The orc warrior throws a boomerang.
The boomerang closely misses you.
Okay, then.
y - a +4 ring of protection (right hand)
The orc warrior throws a boomerang.
The boomerang barely misses you.
The orc warrior throws a boomerang.
The boomerang barely misses you.
The orc warrior throws a boomerang.
The boomerang hits you!
You die...

#### #..... #.# ..#
#..... #.# ##.###.....
#.# #...##..o.. #.#
#...##.).).
#.##.###...##...?.
#.#............o..
#.#######o####)##.
#@......o.# #)# .
#......#############)# .
#...... #......)# .
#...... #.####### .
#......# #.# .
#......#...###<######.#.
+......+...............
#......#...##########.#
..


You could see an orc warrior.

Vanquished Creatures
  An ogre mage (D:7)
  2 two-headed ogres
  A cyclops (D:7)
  Joseph (D:8)
  A troll (D:7)
  A yak (D:7)
  Grum (D:7)
  A vampire mosquito (D:7)
  Menkaure (D:7)
  3 water moccasins
  A black bear (D:3)
  2 ice beasts (D:7)
  An orc warrior (D:7)
  2 sky beasts
  4 necrophages
  A centaur (D:6)
  2 ogres
  2 bullfrogs (D:7)
  2 kobold brigands
  3 gnoll sergeants
  A wyvern zombie (D:8)
  3 scorpions
  A wyvern skeleton (D:7)
  2 killer bees (D:8)
  4 wights (D:7)
  2 howler monkeys (D:7)
  7 centaur zombies
  2 jellies
  3 gnoll shamans (D:7)
  2 orc priests
  9 hounds
  4 centaur skeletons
  Jessica (D:2)
  2 bullfrog skeletons
  2 iguanas
  4 orc wizards
  A hound skeleton (D:6)
  Robin (D:2)
  8 adders
  17 gnolls
  4 river rats
  2 ufetubi
  8 worms (D:3)
  5 dart slugs
  14 orcs
  7 ball pythons
  9 bats
  8 endoplasms
  3 giant cockroaches
  9 hobgoblins
  11 jackals
  12 kobolds
  2 quokkas (D:1)
  2 frilled lizards (D:3)
  15 goblins
  A quokka skeleton (D:4)
  13 rats
234 creatures vanquished.

Vanquished Creatures (collateral kills)
  A kobold (D:2)
1 creature vanquished.

Vanquished Creatures (others)
  3 plants (D:7)
3 creatures vanquished.

Grand Total: 238 creatures vanquished

Notes
Turn   | Place    | Note
-------+----------+-------------------------------------------
     0 | D:1      | dickylongcocking the Djinni Venom Mage began the quest for
                  | the Orb.
     0 | D:1      | Reached XP level 1. HP: 15/15 MP: 0/0
   383 | D:1      | Reached skill level 1 in Fighting
   383 | D:1      | Reached XP level 2. HP: 4/22 MP: 0/0
   848 | D:1      | Reached skill level 3 in Spellcasting
  1092 | D:1      | Reached XP level 3. HP: 7/27 MP: 0/0
  1092 | D:1      | Learned a level 1 spell: Animate Skeleton
  2864 | D:2      | Reached XP level 4. HP: 27/33 MP: 0/0
  3316 | D:2      | Noticed Jessica
  3327 | D:2      | Killed Jessica
  3680 | D:2      | Noticed Robin
  3689 | D:2      | Reached XP level 5. HP: 24/40 MP: 0/0
  3689 | D:2      | Learned a level 2 spell: Swiftness
  3690 | D:2      | Killed Robin
  3691 | D:2      | Reached skill level 4 in Spellcasting
  4980 | D:3      | Found a glowing drain.
  4992 | Sewer    | Entered a sewer
  5348 | Sewer    | Noticed a kobold brigand
  5353 | Sewer    | Killed a kobold brigand
  5354 | Sewer    | Reached XP level 6. HP: 30/47 MP: 0/0
  5524 | Sewer    | Found a glowing silver altar of Zin.
  5694 | D:3      | Noticed a black bear
  5700 | D:3      | Killed a black bear
  5701 | D:3      | Reached skill level 5 in Spellcasting
  6565 | D:4      | Reached XP level 7. HP: 37/52 MP: 0/0
  6565 | D:4      | Learned a level 2 spell: Ensorcelled Hibernation
  6763 | D:4      | Found Ychoher's Magic Scroll Shoppe.
  7166 | D:4      | Found Wenloces's Weapon Boutique.
  7169 | D:4      | Bought a +0 long sword for 49 gold pieces
  7680 | D:4      | Reached skill level 6 in Spellcasting
  7791 | D:5      | Entered Level 5 of the Dungeon
  7795 | D:5      | Found a staircase to the Ecumenical Temple.
  7824 | Temple   | Entered the Ecumenical Temple
  7868 | Temple   | Became a worshipper of Makhleb the Destroyer
  7918 | D:5      | Reached skill level 5 in Fighting
  7976 | D:5      | Reached XP level 8. HP: 28/59 MP: 0/0
  8281 | D:5      | Reached skill level 7 in Spellcasting
  9618 | D:6      | Found a burning altar of Makhleb.
  9728 | D:7      | Reached XP level 9. HP: 59/67 MP: 0/0
  9728 | D:7      | Learned a level 4 spell: Leda's Liquefaction
  9733 | D:7      | Reached skill level 8 in Spellcasting
 10012 | D:7      | Reached * piety under Makhleb
 10096 | D:7      | Noticed Menkaure
 10110 | D:7      | Killed Menkaure
 10629 | D:7      | Noticed a troll
 10635 | D:7      | Killed a troll
 10636 | D:7      | Reached skill level 9 in Spellcasting
 11158 | D:7      | Reached skill level 1 in Long Blades
 11159 | D:7      | Noticed Grum
 11165 | D:7      | Killed Grum
 11541 | D:7      | Reached XP level 10. HP: 41/76 MP: 0/0
 12093 | D:7      | Noticed an ogre mage
 12098 | D:7      | Killed an ogre mage
 12099 | D:7      | Reached skill level 10 in Spellcasting
 12099 | D:7      | Reached ** piety under Makhleb
 12320 | D:7      | Noticed a two-headed ogre
 12390 | D:7      | Killed a two-headed ogre
 12473 | D:7      | Reached skill level 5 in Long Blades
 12687 | D:7      | Noticed a cyclops
 12695 | D:7      | Killed a cyclops
 13508 | D:8      | Noticed Joseph
 13520 | D:8      | Killed Joseph
 13521 | D:8      | Reached XP level 11. HP: 70/82 MP: 0/0
 13521 | D:8      | Learned a level 4 spell: Iskenderun's Mystic Blast
 13612 | D:8      | Noticed a two-headed ogre
 13618 | D:8      | Killed a two-headed ogre
 13635 | D:8      | HP: 2/84 [orc warrior/boomerang (16)]
 13652 | D:8      | Hit by a boomerang thrown by an orc warrior

Illustrated notes

Levels and vault maps discovered:
D:1:      lemuel_arrival_funnel, layout_basic
D:2:      layout_basic, minmay_between, uniq_robin, uniq_jessica
D:3:      wander_river, layout_basic, lightli_sewer_entry_pipes
D:4:      layout_loops_cross, serial_shops, nicolae_shop_behind_doors, shop
D:5:      layout_rooms, minmay_temple_entry_statues
D:6:      layout_basic, makhleb_blood_cavern_becter
D:7:      nzn_winding_woodlands_three_and_one
          [nzn_winding_woodlands_5x15_split_checker,
          nzn_winding_woodlands_5x15_eye, nzn_winding_woodlands_5x15_longhouse,
          nzn_winding_woodlands_center_pierced_h], layout_cave_pools,
          nicolae_sif_muna_little_library, serial_gnoll_camp,
          gnoll_camp_mini_sergeant, gnoll_camp_medium_01, gnoll_camp_mini_house,
          grums_kennel, serial_bayou_pond_b, minmay_manual_maat, uniq_menkaure
D:8:      layout_basic, serial_shops, shop, kennysheep_generic_room_12,
          uniq_joseph
Temple:   compressed_dpeg_circular_temple

Skill      XL: |  1  2  3  4  5  6  7  8  9 10 11 |
---------------+----------------------------------+-----
Fighting       | 1 2 3 4 5 6 7 8 9 |  9.0
Spellcasting   | 3 4 5 6 7 9 10 | 10.8
Long Blades    | 2 5 6 |  6.2
Dodging        | |  2.1
Stealth        | |  1.5

Action                   |  1- 3 |  4- 6 |  7- 9 | 10-12 || total
-------------------------+-------+-------+-------+-------++-------
Melee: Unarmed           |     6 |    50 |    12 |       ||    68
       Long sword        |       |       |     7 |       ||     7
       Dagger            |       |       |     8 |       ||     8
       Scimitar          |       |       |    29 |    21 ||    50
 Cast: Sting             |    46 |    19 |    20 |     6 ||    91
       Poisonous Vapours |    29 |    39 |    18 |       ||    86
       Animate Skeleton  |       |     4 |       |       ||     4
       Ignite Poison     |       |    14 |    63 |    43 ||   120
       Olgreb's Toxic Ra |       |    10 |    32 |    35 ||    77
       Mephitic Cloud    |       |       |    14 |    14 ||    28
Evoke: Wand              |       |       |     1 |     2 ||     3
  Use: Scroll            |       |     4 |     3 |     1 ||     8
       Potion            |       |       |       |     1 ||     1
 Stab: Sleeping          |       |     2 |       |       ||     2
Armor: Robe              |     8 |       |       |       ||     8
       Leather armour    |       |    32 |    31 |    16 ||    79
Dodge: Dodged            |    20 |    74 |    91 |    54 ||   239
       Rpst.: Long sword |       |       |     5 |       ||     5
       Scimitar          |       |       |     8 |    12 ||    20

Table legend: (Time is in decaauts)
 A = Elapsed time spent in this place.
 B = Non-inter-level travel time spent in this place.
 C = Inter-level travel time spent in this place.
 D = Time resting spent in this place.
 E = Time spent auto-exploring this place.
 F = Levels seen in this place.
 G = Mean time per level.
                   A        B        C        D        E       F      G
               +--------+--------+--------+--------+--------+-----+--------+
         Total |  13667 |  13353 |    314 |   4331 |   7549 |  10 | 1366.7 |
       Dungeon |  13024 |  12740 |    284 |   4039 |   7282 |   8 | 1628.0 |
        Temple |     75 |     45 |     30 |      0 |     37 |   1 |   75.0 |
         Sewer |    567 |    567 |      0 |    292 |    230 |   1 |  567.0 |
               +--------+--------+--------+--------+--------+-----+--------+

Top non-repeatable levels by time:
     D:7: 3589 daAuts
     D:1: 2508 daAuts
     D:2: 2033 daAuts
     D:3: 1450 daAuts
     D:4: 1231 daAuts
     D:5: 1120 daAuts
     D:6: 1007 daAuts
   Sewer: 567 daAuts
     D:8: 83 daAuts
  Temple: 75 daAuts
